 Dungeon Crawl Stone Soup version 0.21.1-1-g345015f (webtiles) character file.

7 kae the Insei (level 2, -1/18 HPs)
             Began as an Octopode Transmuter on May 26, 2018.
             Slain by a hobgoblin
             ... wielding a +0 club
              (4 damage)
             ... on level 1 of the Dungeon.
             The game lasted 00:00:13 (372 turns).

kae the Insei (Octopode Transmuter)                  Turns: 372, Time: 00:00:14

Health: -1/18      AC:  1    Str:  9    XL:     2   Next: 4%
Magic:  4/5        EV: 13    Int: 15    God:
Gold:   48         SH:  0    Dex: 12    Spells: 4/5 levels left

rFire    . . .     SeeInvis .     - Unarmed
rCold    . . .     Gourm    .   (no shield)
rNeg     . . .     Faith    .   (helmet restricted)
rPois    .         Spirit   .   (no amulet)
rElec    .         Reflect  .   (no ring)
rCorr    .         Harm     .   (no ring)
MR       .....                  (no ring)
Stlth    ++........             (no ring)
HPRegen  0.06/turn              (no ring)
MPRegen  0.09/turn              (no ring)
                                (no ring)
                                (no ring)

@: appendage
A: almost no armour, stealthy swim, amphibious, 8 rings, constrict 8, tentacle
spike 3, camouflage 1, gelatinous body 1
a: End Transformation


You were on level 1 of the Dungeon.
You were not hungry.
One of your tentacles had a temporary spike.
You visited 1 branch of the dungeon, and saw 1 of its levels.

You collected 48 gold pieces.

Inventory:

Missiles
 a - 12 arrows
Scrolls
 f - a scroll of remove curse {unknown}
Potions
 d - a potion of degeneration {unknown}
 e - a potion of resistance {unknown}
Books
 b - a book of Changes

   Spells                             Type                      Level
   a - Beastly Appendage              Transmutation                1
   b - Sticks to Snakes               Transmutation                2
   c - Spider Form                    Transmutation/Poison         3
   d - Ice Form                       Ice/Transmutation            4
   e - Blade Hands                    Transmutation                5
Comestibles
 c - a ration


   Skills:
 + Level 1.1 Fighting
 + Level 2.1 Dodging
 * Level 3.1 Unarmed Combat
 + Level 2.0 Spellcasting
 * Level 2.2 Transmutations


You had 4 spell levels left.
You knew the following spells:

 Your Spells              Type           Power        Failure   Level  Hunger
a - Beastly Appendage     Tmut           #.....       9%          1    #......


Dungeon Overview and Level Annotations

Branches:
Dungeon (1/15)

Altars:


Innate Abilities, Weirdness & Mutations

You cannot wear most types of armour.
You are very stealthy in the water. (Stealth+)
You are amphibious.
You can wear up to eight rings at the same time.
You can use your tentacles to constrict eight enemies at once.
Your skin changes colour to match your surroundings (Stealth+).
Your rubbery body absorbs attacks. (AC +1, EV +1)
One of your tentacles bears a large vicious spike.


Message History

You tentacle-slap the hobgoblin but do no damage.
Your grab misses the hobgoblin. Your squeeze misses the hobgoblin.
The leopard gecko closely misses you. The hobgoblin hits you with a club.
* * * LOW HITPOINT WARNING * * *
There are monsters nearby!
You barely miss the hobgoblin. You grab the hobgoblin.
You constrict the hobgoblin. The leopard gecko bites you.
* * * LOW HITPOINT WARNING * * *
The hobgoblin barely misses you. The leopard gecko barely misses you.
You tentacle-slap the leopard gecko. Your grab misses the leopard gecko.
You squeeze the leopard gecko.
The leopard gecko is almost dead.
You constrict the hobgoblin.
The hobgoblin hits you but does no damage.
The leopard gecko closely misses you.
You miss the leopard gecko. Your grab misses the leopard gecko.
The leopard gecko is almost dead.
You constrict the hobgoblin. The hobgoblin hits you with a club.
You die...

###.... ?....# ##)...#
......# .... ######## #
####.### #......#
...##...)..######......#
.......gl........>......
..##..@...######......#
#......# #......#
#......# ####.#.#
#...#### ##### #..## ##
.... ..### # ...# .....#
### ...# ...... ##..
#....###..##


You could see a leopard gecko and a hobgoblin.

Vanquished Creatures
  4 hobgoblins (D:1)
  A goblin (D:1)
  2 rats (D:1)
7 creatures vanquished.

Notes
Turn   | Place    | Note
-------+----------+-------------------------------------------
     0 | D:1      | kae the Octopode Transmuter began the quest for the Orb.
     0 | D:1      | Reached XP level 1. HP: 13/13 MP: 3/3
   364 | D:1      | Reached XP level 2. HP: 13/18 MP: 5/5
   372 | D:1      | Slain by a hobgoblin

Action                   || total
-------------------------++-------
Melee: Unarmed           ||    17
       Constrict         ||     4
       Tentacles         ||     3
 Cast: Beastly Appendage ||     3
Dodge: Dodged            ||    13
